AoeStats
← Sylar

MegaRandom

518032939Analyzed
3v3 RM · 3d ago on Nov 1, 2026· 71m 25s· 6 players
Game mode
Random Map
Map size
Normal (6 player)
Population
200
Speed
Normal
Resources
Standard
Victory
Conquest
Starting age
Dark Age
Ending age
Imperial Age
RankedLock teamsTeams togetherTeam positionsShared explorationLock speedFull tech treeHidden civsTurbo modeCheats
Victory
Defeat
🇫🇷 Persians · France
822
+13
🇫🇷 Goths · France
815
+14
🇫🇷 Byzantines · France
805
+14
vs
🇺🇸 Saxons · United States
797
-15
🇮🇹 Hindustanis · Italy
770
-14
🇺🇸 Danes · United States
717
-12
ildemo
0:29 Loom
14:01 Feudal Age
15:40 Wheelbarrow
14:49 Horse Collar
15:10 Double-Bit Axe
15:10 Fishing Lines
19:34 Gold Mining
19:34 Stone Mining
22:12 Castle Age
22:16 Town Watch
23:45 Bow Saw
23:40 Heavy Plow
24:18 Gold Shaft Mining
24:22 Stone Shaft Mining
30:41 Murder Holes
30:59 Masonry
31:26 Hand Cart
35:23 Imperial Age
33:02 Fletching
33:13 Padded Archer Armor
35:42 Bodkin Arrow
36:03 Leather Archer Armor
35:56 Scale Barding Armor
36:02 Forging
35:53 Scale Mail Armor
37:05 Chemistry
36:15 Caravan
36:25 Grand Trunk Road
36:45 Conscription
37:06 Gillnets
41:41 Two-Man Saw
41:11 Bloodlines
40:22 Light Cavalry
41:03 Husbandry
42:43 Bracer
43:13 Ring Archer Armor
43:19 Iron Casting
44:48 Siege Engineers
45:07 Chain Barding Armor
45:47 Blast Furnace
44:13 Heavy Camel Rider
48:05 Thumb Ring
47:30 Hussar
62:28 Imperial Camel Rider
dna
0:33 Loom
12:05 Feudal Age
13:03 Double-Bit Axe
16:40 Fishing Lines
18:25 Wheelbarrow
18:19 Horse Collar
22:45 Castle Age
21:15 Scale Mail Armor
22:24 Town Watch
22:01 Man-at-Arms
22:54 Forging
22:54 Arson
24:16 Stone Mining
24:18 Gold Mining
23:51 Long Swordsman
24:19 Gambesons
24:35 Squires
25:45 Gillnets
25:54 Pikeman
31:01 Fortified Wall
35:43 Imperial Age
36:12 Chain Mail Armor
36:33 Iron Casting
37:28 Conscription
36:32 Two-Handed Swordsman
36:35 Halberdier
42:27 Gold Shaft Mining
42:02 Champion
42:05 Elite Varangian Guard
42:08 Elite Hearth Troop
57:53 Fletching
64:39 Bow Saw
e.v.johnson
10:38 Feudal Age
12:49 Double-Bit Axe
15:38 Stone Mining
18:47 Castle Age
19:21 Wheelbarrow
19:02 Gold Mining
21:16 Stone Shaft Mining
21:53 Bow Saw
23:01 Town Watch
23:02 Loom
24:22 Fishing Lines
25:26 Gold Shaft Mining
27:04 Gillnets
29:23 Hand Cart
29:16 Murder Holes
29:14 Fletching
29:25 Scale Mail Armor
31:32 Fervor
33:40 Town Patrol
36:59 Imperial Age
35:03 Gambesons
36:32 Hamask
37:32 Squires
39:57 Conscription
39:53 Capped Ram
41:22 Husbandry
41:32 Bloodlines
42:40 Horse Collar
43:44 Forging
43:49 Chain Mail Armor
43:31 Bodkin Arrow
43:38 Padded Archer Armor
44:21 Heavy Plow
45:09 Elite Varangian Guard
46:25 Ballistics
48:53 Leather Archer Armor
50:52 Plate Mail Armor
50:58 Iron Casting
50:20 Pikeman
55:36 Blast Furnace
55:47 Chemistry
54:58 Siege Engineers
55:05 Elite Jomsviking
CrêpeCaramel
3:34 Loom
10:04 Feudal Age
10:34 Double-Bit Axe
10:32 Horse Collar
20:00 Castle Age
20:13 Fishing Lines
20:54 Bow Saw
20:38 Stone Mining
21:08 Forging
22:17 Wheelbarrow
21:45 Gillnets
22:25 Gold Mining
24:39 Stone Shaft Mining
25:26 Heavy Plow
27:22 Husbandry
28:54 Squires
30:32 Hand Cart
34:32 Imperial Age
31:41 Pikeman
34:51 Gold Shaft Mining
34:02 Treadmill Crane
35:05 Thumb Ring
34:25 Crossbowman
35:16 Fletching
35:27 Padded Archer Armor
36:36 Crop Rotation
37:18 Bodkin Arrow
37:39 Leather Archer Armor
36:46 Arbalester
37:11 Heavy Camel Rider
39:23 Two-Man Saw
38:52 Ballistics
38:37 Bracer
39:59 Hoardings
40:29 Conscription
39:40 Halberdier
41:51 Ring Archer Armor
41:56 Iron Casting
41:22 Scale Mail Armor
41:27 Scale Barding Armor
41:04 Cavalier
41:57 Logistica
42:01 Capped Ram
42:48 Elite Cataphract
43:25 Elite Skirmisher
43:45 Light Cavalry
44:59 Chain Barding Armor
45:06 Hussar
48:13 Chain Mail Armor
48:34 Plate Barding Armor
47:54 Siege Ram
49:44 Plate Mail Armor
49:08 Gambesons
48:43 Man-at-Arms
53:01 Long Swordsman
53:41 Paladin
56:17 Chemistry
55:28 Fortified Wall
55:14 Murder Holes
55:05 Arrowslits
66:46 Guard Tower
Sylar
2:18 Loom
13:05 Feudal Age
13:58 Double-Bit Axe
17:43 Wheelbarrow
19:04 Horse Collar
22:25 Castle Age
20:23 Stone Mining
20:27 Gold Mining
20:44 Fishing Lines
22:11 Town Watch
24:27 Bow Saw
29:20 Imperial Age
27:06 Town Patrol
28:18 Stone Shaft Mining
28:44 Heavy Plow
31:03 Gold Shaft Mining
31:38 Hand Cart
32:09 Ballistics
31:45 Crossbowman
34:19 Conscription
35:35 Demolition Ship
36:37 Medium Warships
36:38 Kamandaran
37:14 Hoardings
36:51 Citadels
37:31 Thumb Ring
38:34 Chemistry
37:51 Masonry
37:54 Padded Archer Armor
37:52 Fletching
41:42 Leather Archer Armor
41:23 Bodkin Arrow
48:10 Two-Man Saw
48:41 Gillnets
48:18 Elite Cannon Galleon
49:35 Heavy Warships
51:20 Ring Archer Armor
51:02 Forging
50:58 Scale Barding Armor
52:57 Murder Holes
52:44 Elite War Elephant
67:09 Heated Shot
67:32 Clinker Construction
67:54 Architecture
Nomisteak
7:24 Loom
11:34 Feudal Age
12:20 Double-Bit Axe
20:02 Castle Age
19:55 Scale Mail Armor
20:06 Forging
20:34 Gold Mining
20:37 Stone Mining
21:02 Town Watch
22:43 Horse Collar
23:36 Squires
22:57 Man-at-Arms
24:03 Padded Archer Armor
23:56 Fletching
25:14 Bow Saw
26:09 Heavy Plow
25:56 Fishing Lines
27:15 Wheelbarrow
27:42 Chain Mail Armor
26:56 Long Swordsman
29:53 Hand Cart
31:21 Murder Holes
31:41 Masonry
32:02 Gillnets
33:32 Ballistics
36:14 Imperial Age
34:48 Treadmill Crane
35:38 Anarchy
36:55 Iron Casting
38:34 Architecture
39:05 Chemistry
40:09 Stone Shaft Mining
40:21 Two-Handed Swordsman
42:24 Blast Furnace
43:34 Elite Skirmisher
45:31 Heated Shot
46:07 Shipwright
51:08 Two-Man Saw
50:43 Crop Rotation
52:14 Leather Archer Armor
51:55 Bodkin Arrow
53:40 Champion
61:31 Ring Archer Armor
61:01 Bracer
67:09 Clinker Construction
72:03 Conscription
71:04 Elite Huskarl
Connection lost

Rejoining the realm…

Still unreachable

The connection could not be restored.

Session expired

The server has moved on; the page needs a fresh start.